 Dungeon Crawl Stone Soup version 0.23.2-33-g5129a83184 (webtiles) character file.

Game seed: 11437558767442636500

22 FishyPogo the Grasshopper (level 2, -3/13 HPs)
             Began as a Felid Warper on Aug 3, 2019.
             Slain by a worm (10 damage)
             ... on level 2 of the Dungeon.
             The game lasted 00:12:18 (1350 turns).

FishyPogo the Grasshopper (Felid Warper)            Turns: 1350, Time: 00:12:19

Health: -3/13      AC:  1    Str:  7    XL:     2   Next: 68%
Magic:  4/6        EV: 18    Int: 14    God:
Gold:   67         SH:  0    Dex: 15    Spells: 3/5 levels left
                                        Lives:  0   Deaths: 0

rFire    . . .     SeeInvis +     - Unarmed
rCold    . . .     Gourm    .   (shield unavailable)
rNeg     . . .     Faith    .   (armour unavailable)
rPois    .         Spirit   .   (helmet unavailable)
rElec    .         Reflect  .   (cloak unavailable)
rCorr    .         Harm     .   (gloves unavailable)
MR       .....                  (boots unavailable)
Stlth    ++........             (no amulet)
HPRegen  0.04/turn              (no ring)
MPRegen  0.10/turn              (no ring)

@: quick
A: very small, no armour, no weapons or thrown items, stealth, claws 1, fangs 3,
see invisible, carnivore, speed 1, shaggy fur 1, slow metabolism 1, sharp paws
a: no special abilities


You were on level 2 of the Dungeon.
You were completely stuffed.

You visited 1 branch of the dungeon, and saw 2 of its levels.

You collected 67 gold pieces.

Inventory:

Scrolls
 b - a scroll of blinking
 f - a scroll of teleportation {unknown}
 g - a scroll of remove curse {unknown}
Potions
 a - a potion of flight {unknown}
 d - a potion of degeneration {unknown}
 e - 2 potions of resistance {unknown}
Comestibles
 c - 2 rations


   Skills:
 * Level 2.2 Fighting
 + Level 3.4 Dodging
 * Level 1.9 Stealth
 * Level 2.2 Unarmed Combat
 - Level 2.0 Spellcasting
 - Level 0.1 Charms
 * Level 4.6 Translocations


You had 3 spell levels left.
You knew the following spells:

 Your Spells              Type           Power        Failure   Level  Hunger
a - Shroud of Golubria    Chrm/Tloc      #.........   14%         2    ###....

Your spell library contained the following spells:

 Spells                   Type           Power        Failure   Level  Hunger
 Blink                    Tloc           N/A          5%          2    ###....
 Gell's Gravitas          Tloc           ##........   11%         3    ####...
 Lesser Beckoning         Tloc           ##........   11%         3    ####...
 Teleport Other           Tloc           ##......     11%         3    ####...
 Passage of Golubria      Tloc           N/A          34%         4    #####..


Dungeon Overview and Level Annotations

Branches:
Dungeon (2/15)

Altars:


Innate Abilities, Weirdness & Mutations

You cannot wear armour.
You are incapable of wielding weapons or throwing items.
Your paws allow you to move quietly. (Stealth)
You have sharp claws.
You have razor-sharp teeth.
You have supernaturally acute eyesight. (SInv)
You are carnivorous and can eat meat at any time.
You cover ground quickly.
You are covered in fur. (AC +1)
You have a slow metabolism.
Your sharp claws are effective at attacking unaware monsters.


Message History

You climb downwards.
A worm comes into view.
There is a stone staircase leading up here.
The helpless worm fails to defend itself.
You claw the worm!
The worm is heavily wounded.
You scratch the worm. You claw the worm.
The worm is almost dead.
The worm bites you!
Ouch! That really hurt!
Casting: Shroud of Golubria (safe; 14% risk of failure)
Confirm with . or Enter, or press ? or * to list all spells.
Space distorts slightly along a thin shroud covering your body.
You scratch the worm.
The worm is almost dead.
You scratch the worm.
The worm is almost dead.
The worm bites you!
Ouch! That really hurt!
You die... ############## .......<..w@.# ############.# .# .# ##

You could see a worm.

Vanquished Creatures
  An ooze (D:1)
  A leopard gecko (D:1)
  3 bats (D:1)
  A giant cockroach (D:1)
  3 goblins (D:1)
  2 hobgoblins (D:1)
  3 frilled lizards (D:1)
  A kobold (D:1)
  2 rats (D:1)
17 creatures vanquished.

Notes
Turn   | Place    | Note
-------+----------+-------------------------------------------
     0 | D:1      | FishyPogo the Felid Warper began the quest for the Orb.
     0 | D:1      | Reached XP level 1. HP: 9/9 MP: 4/4
   162 | D:1      | Reached skill level 1 in Stealth
   512 | D:1      | Reached XP level 2. HP: 13/13 MP: 6/6
   518 | D:1      | Learned a level 2 spell: Shroud of Golubria
  1350 | D:2      | Slain by a worm

Skill      XL: |  1 |
---------------+----+-----
Stealth        | 1 |  1.9
Fighting       | |  2.2
Dodging        | |  3.4
Unarmed Combat | |  2.2
Spellcasting   | |  2.0
Charms         | |  0.1
Translocations | |  4.6

Action                   || total
-------------------------++-------
Melee: Unarmed           ||    59
       Bite              ||     4
       Punch             ||     1
 Cast: Shroud of Golubri ||     4
 Stab: Sleeping          ||     5
  Eat: Chunk             ||     8
Armor: Skin              ||     3
Dodge: Dodged            ||    42
